 Dungeon Crawl Stone Soup version 0.21.1-1-g345015fe64 (webtiles) character file.

37 Lavandula the Chopper (level 3, -1/46 HPs)
             Began as a Centaur Berserker on June 15, 2018.
             Was a Follower of Trog.
             Slain by Tropan's ghost (6 damage)
             ... on level 3 of the Dungeon.
             The game lasted 00:02:25 (424 turns).

Lavandula the Chopper (Centaur Berserker)            Turns: 424, Time: 00:02:26

Health: -1/46      AC:  4    Str: 25    XL:     3   Next: 23%
Magic:  3/3        EV:  9    Int:  6    God:    Trog [*.....]
Gold:   77         SH:  0    Dex:  8    Spells: 2/2 levels left

rFire    . . .     SeeInvis .   a - +0 hand axe
rCold    . . .     Gourm    .   (no shield)
rNeg     . . .     Faith    .   b - +0 animal skin
rPois    .         Spirit   .   (no helmet)
rElec    .         Reflect  .   (no cloak)
rCorr    .         Harm     .   (no gloves)
MR       .....                  (no barding)
Stlth    ..........             (no amulet)
HPRegen  0.15/turn              (no ring)
MPRegen  0.08/turn              (no ring)

@: berserking, very quick
A: large, hooves 3, deformed body, speed 2, tough skin 3
a: Berserk, Burn Spellbooks, Renounce Religion


You were on level 3 of the Dungeon.
You worshipped Trog.
Trog was aware of your devotion.
You were hungry.

You visited 1 branch of the dungeon, and saw 3 of its levels.

You collected 77 gold pieces.

Inventory:

Hand Weapons
 a - a +0 hand axe (weapon)
Missiles
 k - 27 arrows
Armour
 b - a +0 animal skin (worn)
 d - a +0 buckler
Jewellery
 h - an uncursed ring of ice
Wands
 l - a wand of acid (11)
Scrolls
 e - 4 scrolls of identify {unknown}
 f - a scroll of remove curse {unknown}
 i - a scroll of fear {unknown}
 j - a scroll of teleportation {unknown}
Potions
 g - a potion of haste {unknown}
Comestibles
 c - 2 rations


   Skills:
 - Level 3.0 Fighting
 + Level 4.0 Axes
 - Level 1.3 Armour
 - Level 1.3 Dodging


You had 2 spell levels left.
You didn't know any spells.

Dungeon Overview and Level Annotations

Branches:
Dungeon (3/15)

Altars:
Cheibriados
Elyvilon
Fedhas
Ru

Annotations:
D:3 Tropan's ghost, weakling SpWr


Innate Abilities, Weirdness & Mutations

You have hooves in place of feet.
Armour fits poorly on your strangely shaped body.
You cover ground very quickly.
You have extremely tough skin. (AC +3)


Message History

Tropan's ghost blinks!
You barely miss the hobgoblin.
You kill the hobgoblin!
Trog accepts your kill.
Things that are here:
a club; a hobgoblin corpse You closely miss Tropan's ghost.
Tropan's ghost hits you.
You miss Tropan's ghost. Your kick misses Tropan's ghost.
You closely miss Tropan's ghost. Tropan's ghost hits you.
* * * LOW HITPOINT WARNING * * *
You completely miss Tropan's ghost. Your kick misses Tropan's ghost.
Tropan's ghost hits you!
* * * LOW HITPOINT WARNING * * *
You miss Tropan's ghost. Your kick misses Tropan's ghost.
You closely miss Tropan's ghost. Your kick misses Tropan's ghost.
Tropan's ghost barely misses you.
You slash Tropan's ghost! Your kick misses Tropan's ghost.
Tropan's ghost is severely damaged.
Tropan's ghost hits you.
You die...

.###.......##.# #..#
.....#####.##.####..####
.###.##.......#....g... #
#############...##..###.###
...........................
..#...#...#.#######..##.##
............# #.....#
..#...#...### #W###.#
...........# ###@###.#
############ #.....#..
#....)#### #.....# #.....#
#.....# ...#### ###.# ...


You could see Tropan's ghost.

Vanquished Creatures
  2 adders
  A ball python (D:2)
  3 goblins
  2 hobgoblins
  2 jackals (D:2)
  3 kobolds (D:2)
  4 bats (D:3)
  2 rats (D:2)
19 creatures vanquished.

Notes
Turn   | Place    | Note
-------+----------+-------------------------------------------
     0 | D:1      | Lavandula the Centaur Berserker began the quest for the Orb.
     0 | D:1      | Reached XP level 1. HP: 19/19 MP: 1/1
     0 | D:1      | Noticed a vampire
     0 | D:1      | Noticed a troll
     1 | D:1      | Noticed a gargoyle
     3 | D:1      | Noticed a troll
     5 | D:1      | Noticed an octopode
     6 | D:1      | Noticed an elf
     7 | D:1      | Noticed a vampire
    10 | D:1      | Noticed a troll
    14 | D:1      | Noticed a naga
    14 | D:1      | Noticed a vine stalker
    16 | D:1      | Noticed a vampire
    16 | D:1      | Noticed a troll
    18 | D:1      | Noticed a centaur
    20 | D:1      | Noticed a ghoul
    65 | D:2      | Reached skill level 3 in Axes
   259 | D:2      | Found a snail-covered altar of Cheibriados.
   272 | D:2      | Reached XP level 2. HP: 21/26 MP: 2/2
   307 | D:3      | Found a sacrificial altar of Ru.
   313 | D:3      | Found a white marble altar of Elyvilon.
   359 | D:3      | Found a blossoming altar of Fedhas.
   368 | D:3      | Reached XP level 3. HP: 11/31 MP: 3/3
   403 | D:3      | Reached skill level 4 in Axes
   408 | D:3      | Noticed Tropan's ghost (weakling SpWr)
   424 | D:3      | Slain by Tropan's ghost

Skill      XL: |  1  2  3 |
---------------+----------+-----
Axes           | 3 4 |  4.0
Fighting       | |  3.0
Armour         | |  1.3
Dodging        | |  1.3

Action                   || total
-------------------------++-------
Melee: Hand axe          ||    41
       Kick              ||     3
Invok: Berserk           ||     3
Armor: Animal skin       ||    21
Dodge: Dodged            ||    21
